 Dungeon Crawl Stone Soup version 0.31-a0-1439-g542172135e (webtiles) character file.

Game seed: 81226836930739709

98123 Ge0ff the Marksvampire (level 15, -1/119 HPs)
             Began as a Vampire Fire Elementalist on Dec 27, 2023.
             Was the Champion of Nemelex Xobeh.
             Slain by a skeletal warrior
             ... wielding a +0 halberd
              (30 damage)
             ... on level 15 of the Dungeon.
             The game lasted 01:21:48 (30284 turns).

Ge0ff the Marksvampire (Vampire Fire Elementalist) Turns: 30284, Time: 01:21:48

Health: -1/119     AC: 11    Str: 10    XL:     15   Next: 74%
Magic:  15/23      EV: 13    Int: 23    God:    Nemelex Xobeh [******]
Gold:   3124       SH:  0    Dex: 19    Spells: 17/24 levels left

rFire   . . .        b - +2 arbalest (drain)
rCold   + . .        (shield currently unavailable)
rNeg    + . .        h - +0 steam dragon scales
rPois   +            g - +1 hat of Chill Winds {Will++ Int+2 Stlth-}
rElec   .            D - +1 cloak {rCorr}
rCorr   +            l - +0 pair of gloves
SInv    +            c - +0 pair of boots
Will    +++..        Q - amulet of faith
Stlth   ++           I - ring of Cecot {rPois rC+ rN+ Str+3, =R}
HPRegen 0.59/turn    p - +4 ring of slaying
MPRegen 0.18/turn

%: faith
@: healing quickly
A: alive, fangs 3, see invisible, vampiric 2
a: Exsanguinate, Renounce Religion, Draw Escape, Draw Destruction, Draw
Summoning, Draw Stack, Triple Draw, Deal Four, Stack Five


You were on level 15 of the Dungeon.
You worshipped Nemelex Xobeh.
Nemelex Xobeh was exalted by your worship.
You visited 4 branches of the dungeon, and saw 23 of its levels.
You also visited: Bailey, Gauntlet and Ice Cave.

You collected 3822 gold pieces.
You spent 698 gold pieces at shops.

Inventory:

Hand Weapons
 a - a +0 orcbow of freezing
 b - a +2 arbalest of draining (weapon)
 k - the +5 whip "Anobahao" {vamp, rElec rPois Dex+2}
   (You found it in an ice cave)

   Dex+2:     It affects your dexterity (+2).
   rElec:     It insulates you from electricity.
   rPois:     It protects you from poison
 r - a +1 heavy orcbow
 x - the +3 short sword "Xuprisusyho" {pain, +Blink rC+}
   (You found it on level 5 of the Lair of Beasts)

   rC+:       It protects you from cold.
   +Blink:    It lets you blink.
Missiles
 v - a curare-tipped dart {=F}
 w - 6 silver javelins
 P - 4 darts of dispersal
 U - 14 javelins
Armour
 c - a +0 pair of boots (worn)
 g - the +1 hat of Chill Winds (worn) {Will++ Int+2 Stlth-}
   (You bought it in a shop on level 11 of the Dungeon)

   Int+2:     It affects your intelligence (+2).
   Will++:    It greatly increases your willpower.
   Stlth-:    It makes you less stealthy.
 h - +0 steam dragon scales (worn)
 l - a +0 pair of gloves (worn)
 t - a +0 troll leather armour
 D - a +1 cloak of preservation (worn)
Jewellery
 p - a +4 ring of slaying (right hand)
 G - a ring of positive energy
 I - the ring of Cecot (left hand) {rPois rC+ rN+ Str+3, =R}
   (You acquired it on level 8 of the Dungeon)

   [ring of poison resistance]

   Str+3:     It affects your strength (+3).
   rC+:       It protects you from cold.
   rPois:     It protects you from poison rN+: It protects you from negative
   energy.
 Q - an amulet of faith (around neck)
Wands
 d - a wand of digging (6)
 e - a wand of charming (2)
 f - a wand of flame (29)
 j - a wand of quicksilver (18)
 s - a wand of mindburst (14)
Scrolls
 i - 4 scrolls of identify
 m - a scroll of revelation
 y - a scroll of immolation
 B - 3 scrolls of blinking
 C - 4 scrolls of poison
 E - 3 scrolls of fear
 F - 3 scrolls of fog
 J - a scroll of silence {!r}
 S - 3 scrolls of summoning
 T - 14 scrolls of teleportation
 V - a scroll of vulnerability
 Y - a scroll of enchant armour
Potions
 o - 4 potions of ambrosia
 q - 5 potions of curing
 u - 6 potions of mutation {!q}
 z - 7 potions of brilliance
 A - 2 potions of attraction
 H - 2 potions of haste {!q}
 K - 2 potions of magic {!q}
 L - a potion of lignification
 M - 3 potions of might
 N - a potion of cancellation {!q}
 R - a potion of resistance
 W - 6 potions of heal wounds {!q}
 X - 2 potions of enlightenment
 Z - 3 potions of berserk rage {!q}
Miscellaneous
 n - a phial of floods (inert)
 O - a box of beasts


   Skills:
 + Level 11.5 Fighting
 - Level 1.0 Short Blades
 * Level 16.8 Ranged Weapons
 + Level 1.2 Throwing
 - Level 3.0 Armour
 - Level 3.0 Dodging
 - Level 3.0 Stealth
 - Level 5.0 Spellcasting
 - Level 1.0 Conjurations
 - Level 3.0 Hexes
 - Level 2.0 Summonings
 - Level 7.0 Fire Magic
 + Level 11.1 Invocations
 + Level 3.4 Evocations


You had 17 spell levels left.
You knew the following spells:

 Your Spells              Type           Power      Damage    Failure   Level
g - Apportation           Tloc           10%        N/A       10%         1
j - Inner Flame           Hex/Fire       28%        N/A       3%          3
s - Foxfire               Conj/Fire      96%        2x1d8     1%          1
C - Scorch                Fire           74%        2d8       1%          2

Your spell library contained the following spells:

 Spells                   Type           Power      Damage    Failure   Level
 Summon Small Mammal      Summ           56%        N/A       4%          1
 Jinxbite                 Hex            38%        N/A       4%          2
 Volatile Blastmotes      Fire/Tloc      42%        2d13      7%          3
 Kiss of Death            Conj/Necr      32%        2d7       8%          1
 Shock                    Conj/Air       32%        1d5       8%          1
 Sting                    Conj/Alch      32%        1d5       8%          1
 Ensorcelled Hibernation  Hex/Ice        24%        N/A       8%          2
 Confusing Touch          Hex            19%        N/A       9%          3
 Necrotise                Necr           20%        1d5       10%         1
 Cigotuvi's Dreadful Rot  Necr/Alch/Air  10%        N/A       14%         2
 Mercury Vapours          Alch/Air       10%        N/A       14%         2
 Flame Wave               Conj/Fire      24%        2d8       19%         4
 Stone Arrow              Conj/Erth      16%        3d8       22%         3
 Frozen Ramparts          Ice            10%        1d2       28%         3
 Fugue of the Fallen      Necr           5%         N/A       28%         3
 Swiftness                Air            5%         N/A       28%         3
 Anguish                  Hex/Necr       6%         N/A       45%         4
 Animate Armour           Summ/Erth      20%        N/A       52%         4
 Martyr's Knell           Necr/Summ      10%        N/A       52%         4
 Summon Lightning Spire   Summ/Air       10%        N/A       52%         4
 Airstrike                Air            2%         2d(1-17)  67%         4
 Dispel Undead            Necr           5%         3d7       67%         4
 Leda's Liquefaction      Alch/Erth      2%         N/A       67%         4
 Olgreb's Toxic Radiance  Alch           5%         N/A       67%         4
 Petrify                  Alch/Erth      5%         N/A       67%         4
 Metabolic Englaciation   Hex/Ice        6%         N/A       80%         5
 Yara's Violent Unravell  Hex/Alch       6%         3d5       80%         5
 Lee's Rapid Deconstruct  Erth           2%         3d5*      95%         5
 Death Channel            Necr           2%         N/A       100%        6
 Enfeeble                 Hex            9%         N/A       100%        7
 Ozocubu's Refrigeration  Ice            2%         4d8       100%        7
 Discord                  Hex            9%         N/A       100%        8
 Lehudib's Crystal Spear  Conj/Erth      4%         10d3      100%        8


Dungeon Overview and Level Annotations

Branches:
Dungeon (15/15) Zot: 26666  Temple (1/1) D:5 Zot: 5998    Lair (5/5) D:9 Zot: 23823
 Shoals (0/4) Lair:2       Spider (0/4) Lair:2        Slime (0/5) Lair:5
    Orc (2/2) D:10 Zot: 9993     Elf (0/3) Orc:2        Vaults (0/5) D:13
 Bailey (visited)           IceCv (visited)         Gauntlet (visited)
 Depths: D:15

Altars:
Ashenzari
Cheibriados
Dithmenos
Fedhas
Gozag
Hepliaklqana
Kikubaaqudgha
Makhleb
Nemelex Xobeh
Okawaru
Qazlal
Ru
Sif Muna
Trog
Uskayaw
Vehumet
Wu Jian
Xom
Yredelemnul
Lugonu

Shops:
D:4 [   D:8 (   D:9 [   D:11 [   D:12 =   Orc:2 (*:?

Portals:
Abyss: Lair:5
Pandemonium: Orc:2


Innate Abilities, Weirdness & Mutations

Your natural rate of healing is accelerated.
You have razor-sharp teeth.
You have supernaturally acute eyesight. (SInv)
You are afflicted with vampirism and can become a bat while bloodless.


Message History

The skeletal warrior hits you with a +0 hand axe.
The skeletal warrior hits your raiju with a +0 hand axe!
The skeletal warrior hits Ge0ff's illusion with a +0 hand axe!
You shoot a bolt. The bolt hits the skeletal warrior!!
The skeletal warrior is almost destroyed.
Your raiju disappears in a puff of smoke!
Ge0ff's illusion shimmers and vanishes!
The skeletal warrior hits you with a +0 hand axe.
A skeletal warrior comes into view. It is wielding a +2 glaive of venom.
You shoot a bolt. The bolt hits the skeletal warrior!
You destroy the skeletal warrior!
A skeletal warrior comes into view. It is wielding a +0 war axe of flaming.
Use which ability? (? or * to list)
You draw a card...
You have drawn the Illusion.
Suddenly you stand beside yourself.
The skeletal warrior hits you from afar with a +0 halberd!!
The skeletal warrior attacks as it pursues you!
The skeletal warrior hits you from afar with a +0 halberd!
Ge0ff's illusion hits the skeletal warrior!
Use which ability? (? or * to list)
You draw a card...
You have drawn the Swarm.
The skeletal warrior hits you from afar with a +0 halberd!
* * * LOW HITPOINT WARNING * * *
The skeletal warrior hits Ge0ff's illusion with a +2 glaive of venom!
Ge0ff's illusion hits the skeletal warrior but does no damage.
The skeletal warrior attacks as it pursues you!
The skeletal warrior closely misses you.
The skeletal warrior hits Ge0ff's illusion with a +2 glaive of venom!
Your queen bee stings the skeletal warrior.
Use which ability? (? or * to list)
You deal a card...
You have dealt the Cloud.
Clouds appear around your foes!
You deal a card...
You have dealt Exile.
Ge0ff's illusion is devoured by a tear in reality.
Your killer bee is devoured by a tear in reality.
You deal a card...
You have dealt the Cloud.
Nothing appears to happen.
You deal a card...
You have dealt Velocity.
Nothing appears to happen.
The skeletal warrior completely misses you.
Your queen bee stings the skeletal warrior.
Your queen bee stings the skeletal warrior but does no damage.
Use which ability? (? or * to list)
You draw a card...
You have drawn the Elements.
The skeletal warrior hits you from afar with a +0 halberd.
* * * LOW HITPOINT WARNING * * *
Your queen bee stings the skeletal warrior.
The skeletal warrior attacks as it pursues you!
The skeletal warrior hits you from afar with a +0 halberd!!
You die...

### ####### #.# #...... #.#
#...... ## #.# ###########......
..##########.####........##......
...........○○z...........##......
######.....°.°S.#................
...#...○○°§yz.@D.......##....=.
..)....○.§.z...9.......##.)....
#.##.....°....#........##......
,#...°°####..........##......
#......# ##.##.#.##########.
##.....# #.##.#.# #......
.##.....## #.##.#.# #......
.........####.##...# #......
####.##....##.###..#####......


You could see 3 skeletal warriors, a friendly ice dragon (summoned), a friendly
shock serpent (summoned), a friendly war gargoyle (summoned) and a friendly
queen bee (summoned).

Vanquished Creatures
  Agnes (D:14)
  A minotaur (Gauntlet)
  Snorg (D:13)
  A rakshasa (Gauntlet)
  7 hydras
  2 catoblepae (D:14)
  A centaur warrior (D:14)
  A death knight (D:13)
  4 boulder beetles
  A dancing weapon (D:13)
  2 death yaks (Lair:4)
  4 two-headed ogres
  2 thrashing horrors (Lair:5)
  2 occultists (Gauntlet)
  3 orc high priests (Orc:2)
  A sun demon (Gauntlet)
  A soul eater (Gauntlet)
  5 skeletal warriors
  A bog body (IceCv)
  A large abomination (Lair:5)
  Pikel (D:9)
  4 orc knights
  8 ugly things
  3 orc sorcerers
  6 manticores
  2 meliai (shapeshifter) (Lair:5)
  2 black mambas
  5 cyclopes
  A molten gargoyle (Lair:2)
  A merfolk siren (Lair:2)
  An eye of devastation (Lair:4)
  Maggie (Lair:2)
  4 smoke demons
  A minotaur zombie (Gauntlet)
  12 cane toads
  2 orange demons
  2 gargoyles
  2 unseen horrors
  2 rime drakes (Lair:4)
  2 efreet (D:14)
  A tormentor (Gauntlet)
  An anaconda simulacrum (IceCv)
  6 komodo dragons
  An ice devil (IceCv)
  2 tengu conjurers (D:14)
  4 trolls
  A merfolk (Lair:2)
  17 blink frogs
  Prince Ribbit (D:7)
  A raiju (Lair:5)
  4 dream sheep (Lair:4)
  2 centaur simulacra
  3 shadows
  7 wraiths
  Sigmund (D:2)
  11 wyverns
  5 small abominations (Lair:5)
  A vampire (D:9)
  A fire elemental (Lair:2)
  10 yaks
  A wyvern (shapeshifter) (D:14)
  A dire elephant simulacrum (IceCv)
  A ynoxinul (Lair:5)
  11 basilisks
  3 wargs
  3 vampire mosquitoes
  4 steam dragons
  A fire bat (shapeshifter) (Lair:5)
  A death yak simulacrum (IceCv)
  A chaos spawn (Gauntlet)
  2 acid dragons
  9 water moccasins
  A swamp drake (Lair:1)
  41 orc warriors
  3 ice beasts
  A sky beast (D:7)
  A black bear (D:6)
  10 centaurs
  3 boggarts
  6 ogres
  14 wolves
  4 lemures (D:9)
  2 phantoms
  A weeping skull (D:10)
  14 bullfrogs
  4 kobold brigands
  9 two-headed ogre simulacra
  3 scorpions
  2 cane toad simulacra
  3 wights (D:7)
  8 killer bees
  4 elephant simulacra
  An electric eel (Lair:2)
  7 howler monkeys
  3 jellies
  A bombardier beetle (Lair:4)
  27 orc priests
  8 iguanas
  A sleepcap (D:6)
  Terence (D:2)
  27 orc wizards
  2 hell rats (Lair:4)
  A polar bear simulacrum (IceCv)
  6 troll simulacra
  6 spriggan simulacra (IceCv)
  2 wolf simulacra
  A boggart simulacrum (Gauntlet)
  A gnoll zombie (D:4)
  6 gnolls
  11 adders
  An orc zombie (D:4)
  8 naga simulacra
  7 shadow imps
  8 white imps
  8 ufetubi
  2 worms
  2 dart slugs
  122 orcs
  9 endoplasms
  4 giant cockroaches
  2 hobgoblins
  11 jackals (D:2)
  2 quokkas
  8 ball pythons
  4 bats
  A frilled lizard (D:1)
  A goblin (D:2)
  22 kobolds
  10 rats
  A spectral orc (D:10)
  2 foxfires (D:9)
703 creatures vanquished.

Vanquished Creatures (collateral kills)
  Jorgrun (D:15)
  2 demonspawn (Orc:2)
  A boulder beetle (D:15)
  A dancing weapon (D:13)
  8 death yaks (Lair:4)
  A two-headed ogre (D:10)
  A thrashing horror (Lair:5)
  2 orc high priests (Orc:2)
  A bog body (IceCv)
  2 orc knights (Orc:2)
  3 orc sorcerers (Orc:2)
  An ice statue (IceCv)
  A smoke demon (Lair:5)
  A large abomination (Lair:5)
  A rime drake (Lair:4)
  A komodo dragon (Lair:5)
  An ice devil (IceCv)
  A troll (Orc:1)
  3 dream sheep (Lair:4)
  5 blink frogs
  5 small abominations (Lair:5)
  A fire bat (Lair:4)
  3 wraiths (Orc:1)
  9 yaks
  3 basilisks
  A warg (Orc:1)
  A hydra simulacrum (IceCv)
  4 orc warriors
  2 two-headed ogre simulacra (IceCv)
  2 killer bees (D:8)
  2 orc priests (D:10)
  A hell rat (Lair:4)
  2 shadow imps (Gauntlet)
  A white imp (Gauntlet)
  21 orcs
  A ball python (Orc:1)
  A foxfire (D:4)
98 creatures vanquished.

Vanquished Creatures (others)
  An anaconda simulacrum (IceCv)
  A dire elephant simulacrum (IceCv)
  A cane toad simulacrum (IceCv)
  A troll simulacrum (IceCv)
  2 spriggan simulacra (Orc:1)
  A gnoll (Lair:1)
  An adder (Lair:1)
  643 foxfires
651 creatures vanquished.

Grand Total: 1452 creatures vanquished

Notes
Turn   | Place    | Note
-------+----------+-------------------------------------------
     0 | D:1      | Ge0ff the Vampire Fire Elementalist began the quest for the
                  | Orb.
     0 | D:1      | Reached XP level 1. HP: 13/13 MP: 3/3
   288 | D:1      | Reached skill level 1 in Conjurations
   341 | D:1      | Reached XP level 2. HP: 20/20 MP: 3/5
   344 | D:1      | Learned a level 2 spell: Scorch
   747 | D:1      | Reached skill level 1 in Fighting
  1107 | D:2      | You fall into a shaft and drop 2 floors!
  1107 | D:4      | Found Ivuhy's Antique Armour Shop.
  1146 | D:4      | Noticed a phantom
  1155 | D:4      | Killed a phantom
  1156 | D:4      | Gained mutation: You are afflicted with vampirism and can
                  | become a bat while bloodless. [Vampire growth]
  1156 | D:4      | Reached XP level 3. HP: 20/26 MP: 0/7
  1156 | D:4      | Reached XP level 4. HP: 24/32 MP: 0/8
  1318 | D:4      | Found a transporter.
  1691 | D:4      | Found a transporter.
  2056 | D:2      | Reached skill level 1 in Evocations
  2361 | D:2      | Reached XP level 5. HP: 37/37 MP: 6/9
  2681 | D:2      | Noticed Terence
  2686 | D:2      | Killed Terence
  2767 | D:2      | Noticed Sigmund
  2774 | D:2      | Killed Sigmund
  2775 | D:2      | Reached XP level 6. HP: 33/43 MP: 1/10
  3276 | D:2      | Reached skill level 5 in Fire Magic
  3526 | D:4      | Bought an embroidered cloak for 172 gold pieces
  3550 | D:3      | Learned a level 1 spell: Apportation
  3552 | D:3      | Learned a level 1 spell: Summon Small Mammal
  3556 | D:3      | Learned a level 3 spell: Inner Flame
  3838 | D:4      | Bought an embroidered robe for 85 gold pieces
  4076 | D:3      | Found a sparkling altar of Nemelex Xobeh.
  4094 | D:3      | Became a worshipper of Nemelex Xobeh the Trickster
  4723 | D:3      | Reached skill level 1 in Hexes
  4946 | D:4      | Reached skill level 1 in Summonings
  5080 | D:4      | Identified the +8 chain mail "Zejitwit" {Rampage Int+4
                  | Slay-2}
  5273 | D:5      | Entered Level 5 of the Dungeon
  5393 | D:5      | Reached XP level 7. HP: 48/48 MP: 7/11
  5559 | D:5      | Reached * piety under Nemelex Xobeh
  5657 | D:5      | Reached skill level 1 in Invocations
  6291 | D:5      | Received a gift from Nemelex Xobeh
  6375 | D:5      | Found a staircase to the Ecumenical Temple.
  6404 | Temple   | Entered the Ecumenical Temple
  7032 | D:6      | Reached XP level 8. HP: 56/56 MP: 8/12
  7160 | D:6      | Reached skill level 5 in Invocations
  7263 | D:6      | Reached ** piety under Nemelex Xobeh
  8118 | D:7      | Found an iron altar of Okawaru.
  8205 | D:7      | Found a broken altar of Ashenzari.
  8242 | D:7      | Found an opulent altar of Gozag.
  8424 | D:7      | Noticed Prince Ribbit
  8432 | D:7      | Killed Prince Ribbit
  8433 | D:7      | Reached skill level 5 in Spellcasting
  8433 | D:7      | Reached XP level 9. HP: 61/61 MP: 16/16
  8558 | D:7      | Reached *** piety under Nemelex Xobeh
  9450 | D:7      | Reached skill level 1 in Armour
  9455 | D:7      | Reached skill level 1 in Short Blades
  9628 | D:7      | Noticed a boulder beetle
  9628 | D:7      | Noticed an unseen horror
  9628 | D:7      | Noticed a manticore
  9628 | D:7      | Noticed a troll
  9628 | D:7      | Noticed a cyclops
  9628 | D:7      | Noticed a two-headed ogre
  9896 | D:8      | Identified a scroll of acquirement
  9896 | D:8      | Acquired the ring of Cecot {rPois rC+ rN+ Str+3}
  9915 | D:8      | Received a gift from Nemelex Xobeh
  9995 | D:8      | Found a stormy altar of Qazlal.
 10051 | D:8      | Found a flagged portal.
 10073 | Bailey   | Entered a bailey
 10280 | Bailey   | Noticed an orc knight
 10470 | Bailey   | Killed an orc knight
 10471 | Bailey   | Reached XP level 10. HP: 55/71 MP: 4/17
 10697 | D:8      | Reached **** piety under Nemelex Xobeh
 10805 | D:8      | Found Gisuoky's Weapon Shoppe.
 10819 | D:8      | Bought a +0 orcbow of freezing for 124 gold pieces
 10912 | D:8      | Reached skill level 1 in Ranged Weapons
 10921 | D:8      | Reached skill level 2 in Ranged Weapons
 11087 | D:8      | Received a gift from Nemelex Xobeh
 11582 | D:9      | Reached skill level 5 in Fighting
 11598 | D:9      | Reached skill level 3 in Ranged Weapons
 11976 | D:9      | Received a gift from Nemelex Xobeh
 12115 | D:9      | Noticed Pikel
 12118 | D:9      | Killed Pikel
 12119 | D:9      | Reached skill level 4 in Ranged Weapons
 12374 | D:9      | Found Wada's Dragon-Slaying Spoils.
 12584 | D:9      | Noticed a two-headed ogre
 12592 | D:9      | Reached skill level 5 in Ranged Weapons
 12595 | D:9      | Killed a two-headed ogre
 12596 | D:9      | Reached XP level 11. HP: 14/79 MP: 18/18
 12962 | D:9      | Found a staircase to the Lair.
 12991 | D:9      | Received a gift from Nemelex Xobeh
 13112 | D:9      | Reached skill level 6 in Ranged Weapons
 13324 | D:10     | Entered Level 10 of the Dungeon
 13407 | D:10     | Noticed a two-headed ogre
 13778 | D:10     | Identified the +1 long sword "Odaax" {heavy, rC- rN+ Int+2
                  | SInv}
 13784 | D:10     | Killed a two-headed ogre
 13887 | D:10     | Found a staircase to the Orcish Mines.
 13994 | D:10     | Received a gift from Nemelex Xobeh
 14189 | D:10     | Reached skill level 7 in Ranged Weapons
 14253 | D:10     | Found a basalt altar of Yredelemnul.
 14398 | D:11     | Noticed a two-headed ogre
 14401 | D:11     | Killed a two-headed ogre
 14443 | D:11     | Reached ***** piety under Nemelex Xobeh
 14589 | D:11     | Reached skill level 8 in Ranged Weapons
 14670 | D:11     | Found Eleto's Antique Armour Shop.
 14677 | D:11     | Bought an ichor-stained hat for 153 gold pieces
 14677 | D:11     | Identified the +1 hat of Chill Winds {Will++ Int+2 Stlth-}
                  | (You bought it in a shop on level 11 of the Dungeon)
 14737 | D:11     | Received a gift from Nemelex Xobeh
 14738 | D:11     | Noticed a purple ugly thing
 14753 | D:11     | Killed a purple ugly thing
 15295 | Lair:1   | Entered Level 1 of the Lair of Beasts
 15466 | Lair:1   | Reached skill level 9 in Ranged Weapons
 15741 | Lair:1   | Received a gift from Nemelex Xobeh
 16120 | Lair:1   | You fall into a shaft and drop 1 floor!
 16257 | Lair:2   | Received a gift from Nemelex Xobeh
 16265 | Lair:2   | Reached XP level 12. HP: 87/87 MP: 14/19
 17021 | Lair:2   | Received a gift from Nemelex Xobeh
 17035 | Lair:2   | Noticed Maggie
 17038 | Lair:2   | Killed Maggie
 17039 | Lair:2   | Reached skill level 10 in Ranged Weapons
 17090 | Lair:2   | Found a hole to the Spider Nest.
 17217 | Lair:2   | Found a staircase to the Shoals.
 17542 | Lair:2   | Noticed a five-headed hydra
 17549 | Lair:2   | Killed a five-headed hydra
 17723 | Lair:3   | Received a gift from Nemelex Xobeh
 17938 | Lair:3   | Found a gate leading to a gauntlet.
 17955 | Gauntlet | Entered a Gauntlet
 17955 | Gauntlet | Found a transporter.
 17955 | Gauntlet | Found a runed translucent door.
 17962 | Gauntlet | Found a runed translucent door.
 17964 | Gauntlet | Found a transporter.
 17967 | Gauntlet | Found a transporter.
 17968 | Gauntlet | Found a transporter.
 17976 | Gauntlet | Found a transporter.
 17979 | Gauntlet | Found a transporter.
 17980 | Gauntlet | Found a transporter.
 17986 | Gauntlet | Noticed a green death
 17992 | Gauntlet | Found a transporter.
 17993 | Gauntlet | Found a transporter.
 17995 | Gauntlet | Noticed a reaper
 18001 | Gauntlet | Found a transporter.
 18004 | Gauntlet | Found a transporter.
 18005 | Gauntlet | Found a transporter.
 18018 | Gauntlet | Found a transporter.
 18049 | Gauntlet | Found a transporter.
 18271 | Gauntlet | a green death changed into a sun demon
 18278 | Gauntlet | Reached skill level 11 in Ranged Weapons
 18372 | Gauntlet | a reaper changed into a rakshasa
 18372 | Gauntlet | Noticed a rakshasa
 18379 | Gauntlet | Killed a rakshasa
 18518 | Gauntlet | Noticed a minotaur
 18524 | Gauntlet | Killed a minotaur
 18528 | Gauntlet | Identified the staff of the Unliving {rPois rC- Will++
                  | Int+3 Alchemy}
 18896 | Lair:3   | Received a gift from Nemelex Xobeh
 18937 | Lair:3   | Reached skill level 12 in Ranged Weapons
 19563 | Lair:4   | Noticed a death yak
 19566 | Lair:4   | Noticed a death yak
 19681 | Lair:4   | Reached XP level 13. HP: 82/96 MP: 20/20
 19959 | Lair:4   | Reached skill level 13 in Ranged Weapons
 20422 | Lair:4   | Received a gift from Nemelex Xobeh
 20827 | Lair:5   | Entered Level 5 of the Lair of Beasts
 20904 | Lair:5   | Found a staircase to the Slime Pits.
 20981 | Lair:5   | Received a gift from Nemelex Xobeh
 21042 | Lair:5   | Reached skill level 14 in Ranged Weapons
 21588 | Lair:5   | Reached ****** piety under Nemelex Xobeh
 21624 | Lair:5   | Reached XP level 14. HP: 87/106 MP: 21/21
 21900 | Lair:5   | Reached skill level 10 in Invocations
 22114 | Lair:5   | Identified the +3 short sword "Xuprisusyho" {pain, +Blink
                  | rC+}
 22161 | Lair:5   | Identified the +1 trident of the Hierophant {flame, +Blink
                  | rC- Str+6}
 22179 | Lair:5   | Received a gift from Nemelex Xobeh
 22183 | Lair:5   | Found a corrupted altar of Lugonu.
 22183 | Lair:5   | Found a one-way gate to the infinite horrors of the Abyss.
 23016 | Orc:1    | Entered Level 1 of the Orcish Mines
 23070 | Orc:1    | Noticed Josephine
 23070 | Orc:1    | Noticed Maurice
 23071 | Orc:1    | Josephine changed into Josephine the polar bear
 23071 | Orc:1    | Noticed Josephine
 23071 | Orc:1    | Maurice changed into Maurice the giant cockroach
 23071 | Orc:1    | Noticed Maurice
 23071 | Orc:1    | Josephine the polar bear changed into Josephine the cane
                  | toad
 23071 | Orc:1    | Noticed Josephine
 23071 | Orc:1    | Maurice the giant cockroach changed into Maurice the ball
                  | python
 23071 | Orc:1    | Noticed Maurice
 23071 | Orc:1    | Killed Josephine the cane toad
 23072 | Orc:1    | Killed Maurice the ball python
 23156 | Orc:1    | Found a frozen archway.
 23234 | IceCv    | Entered an ice cave
 23668 | IceCv    | Reached skill level 15 in Ranged Weapons
 24329 | IceCv    | Received a gift from Nemelex Xobeh
 24813 | IceCv    | Identified the +5 whip "Anobahao" {vamp, rElec rPois Dex+2}
 25073 | Orc:1    | Received a gift from Nemelex Xobeh
 25329 | Orc:2    | Entered Level 2 of the Orcish Mines
 25477 | Orc:2    | Found a staircase to the Elven Halls.
 25500 | Orc:2    | Received a gift from Nemelex Xobeh
 25717 | Orc:2    | Reached skill level 10 in Fighting
 25808 | Orc:2    | Found Axatee's Magic Scroll Shoppe.
 25812 | Orc:2    | Found Suecanni's General Store.
 25894 | Orc:2    | Bought a scroll of identify for 24 gold pieces
 25897 | Orc:2    | Bought a scroll of identify for 28 gold pieces
 25897 | Orc:2    | Bought a scroll of identify for 28 gold pieces
 25897 | Orc:2    | Bought a scroll of identify for 28 gold pieces
 25897 | Orc:2    | Bought a scroll of identify for 28 gold pieces
 25897 | Orc:2    | Bought a scroll of identify for 28 gold pieces
 26241 | Orc:2    | Found a shimmering altar of Xom.
 26262 | Orc:2    | Received a gift from Nemelex Xobeh
 26637 | Orc:2    | Reached XP level 15. HP: 116/116 MP: 23/23
 26656 | Orc:2    | Found Qeunuem's Book Shop.
 26656 | Orc:2    | Found Wobbauco's Antique Weapon Boutique.
 26657 | Orc:2    | Found a one-way gate leading to the halls of Pandemonium.
 27113 | D:12     | Found Tocujax's Jewellery Boutique.
 27227 | D:12     | Reached skill level 16 in Ranged Weapons
 27561 | D:12     | Received a gift from Nemelex Xobeh
 27852 | D:13     | Found a gate to the Vaults.
 27883 | D:13     | Received a gift from Nemelex Xobeh
 28034 | D:13     | Noticed Snorg
 28046 | D:13     | Killed Snorg
 28663 | D:14     | Noticed Agnes
 28667 | D:14     | Killed Agnes
 28883 | D:14     | Found an iron altar of Okawaru.
 29106 | D:14     | Acquired 1120 gold pieces
 29324 | D:14     | Received a gift from Nemelex Xobeh
 29452 | D:14     | Found a shimmering altar of Xom.
 29454 | D:14     | Found a shimmering altar of Xom.
 29454 | D:14     | Found a broken altar of Ashenzari.
 29456 | D:14     | Found a burning altar of Makhleb.
 29456 | D:14     | Found an ancient bone altar of Kikubaaqudgha.
 29782 | D:14     | Received a gift from Nemelex Xobeh
 29953 | D:15     | Entered Level 15 of the Dungeon
 30037 | D:15     | Reached skill level 1 in Throwing
 30239 | D:15     | Noticed Jorgrun
 30262 | D:15     | Killed Jorgrun
 30284 | D:15     | Slain by a skeletal warrior

Illustrated notes

Levels and vault maps discovered:
D:1:      giann_bridges, layout_loops_ring, grunt_decor_clamped,
          minmay_pentomino_q4
D:2:      minmay_diamond_boxcup, layout_loops_corners, basic_altar,
          hangedman_abyss_or_decor_stabs, minivault_19,
          kennysheep_generic_room_10, uniq_terence, uniq_sigmund
D:3:      layout_basic, nicolae_overflow_crystal_walls
D:4:      gammafunk_cloud_chamber, layout_cave_pods, serial_shops, shop,
          nicolae_grassy_gnolls
D:5:      layout_basic, minmay_temple_entry_glass, kennysheep_generic_room_16
D:6:      layout_basic
D:7:      minmay_the_grid_triangle_9x9_rhombus_full
          [minmay_the_grid_triangle_9x9_zippers_horizontal,
          minmay_the_grid_triangle_9x9_flanged_cone,
          minmay_the_grid_triangle_9x9_intruding_spiral,
          minmay_the_grid_triangle_9x9_shrine,
          minmay_the_grid_triangle_9x9_pentomino_pain,
          minmay_the_grid_triangle_9x9_steps,
          minmay_the_grid_triangle_9x9_cache,
          minmay_the_grid_triangle_9x9_prize_top_heavy], layout_loops_ring,
          mainiacjoe_overflow_brackets, mainiacjoe_overflow_large_starburst,
          uniq_prince_ribbit1
D:8:      layout_loops_cross, grunt_qazlal_clouds, serial_shops,
          nicolae_shop_bloodbath_and_beyond, enter_bailey_2,
          hangedman_decor_push
D:9:      layout_loops_cross, erik_lair_orcish_takeover,
          nicolae_shop_dragon_depot, hangedman_decor_diamond_cutter,
          chequers_serial_rivers_micro_e, uniq_pikel
D:10:     layout_basic, yredelemnul_forgotten_temple_becter, hiddenorc2_lemuel
D:11:     layout_roguey, serial_shops, shop
D:12:     layout_roguey [special_room_orc], serial_shops, shop
D:13:     layout_long_grid, erik_vaults_1, uniq_snorg
D:14:     layout_roguey, serial_glass, glass_columns_a, glass_columns_b,
          glass_columns_b, glass_columns_a, glass_columns_a, glass_columns_a,
          glass_columns_a, glass_columns_b, okawaru_gym_becter,
          doesnt_xom_only_xom, uniq_agnes
D:15:     gammafunk_depths_entry_grave, layout_rooms,
          hangedman_abyss_or_decor_stagger, uniq_jorgrun
Temple:   compressed_dpeg_triangle_lava_temple
Lair:1:   layout_misc_corridors, serial_bayou_lake_a
Lair:2:   layout_gridlike, elwin_shoals_entry_rooms, dummy_spider_entry,
          uniq_maggie
Lair:3:   layout_loops_ring, gauntlet_entry_generic, serial_bayou_pond_a
Lair:4:   layout_roguey [special_room_mythical_zoo], grunt_megastairs_4,
          lemuel_fruit_fields
Lair:5:   hellmonk_lair_end_abyssal_woods, layout_hall_layers,
          dpeg_slime_entry_corner, serial_bayou_shore_a
Orc:1:    layout_diamond_mine, portal_ice_cave_entry_ice_simulacra,
          uniq_josephine, uniq_maurice
Orc:2:    pf_orc_diabolical, layout_caves, basic_altar

Skill      XL: |  1  2  3  4  5  6  7  8  9 10 11 12 13 14 15 |
---------------+----------------------------------------------+-----
Conjurations   | 1 |  1.0
Fighting       | 1 2 4 5 7 8 10 11 | 11.5
Spellcasting   | 3 5 |  5.0
Fire Magic     | 3 4 5 7 |  7.0
Evocations     | 1 2 3 |  3.4
Hexes          | 3 |  3.0
Summonings     | 2 |  2.0
Invocations    | 4 6 8 9 11 | 11.1
Armour         | 1 2 3 |  3.0
Short Blades   | 1 |  1.0
Dodging        | 3 |  3.0
Ranged Weapons | 5 9 12 14 15 16 | 16.8
Throwing       | 1 |  1.2
Stealth        | |  3.0

Action                     |  1- 3 |  4- 6 |  7- 9 | 10-12 | 13-15 || total
---------------------------+-------+-------+-------+-------+-------++-------
  Melee: Bite              |     1 |     3 |     2 |       |       ||     6
         Unarmed           |     1 |       |       |       |       ||     1
         Dagger            |     4 |    14 |    21 |     6 |       ||    45
         Punch             |       |       |       |     1 |       ||     1
   Fire: Orcbow            |       |       |       |   467 |   862 ||  1329
         Arbalest          |       |       |       |       |   199 ||   199
  Throw: Dart              |       |       |       |     1 |     1 ||     2
   Cast: Foxfire           |    32 |    85 |   193 |    72 |       ||   382
         Scorch            |     1 |    38 |   134 |   181 |    34 ||   388
         Inner Flame       |       |     2 |     3 |       |       ||     5
         Summon Small Mamm |       |     1 |       |       |       ||     1
 Invoke: Draw Destruction  |       |       |     3 |    37 |    39 ||    79
         Draw Summoning    |       |       |       |     7 |    26 ||    33
         Draw Escape       |       |       |       |     5 |    20 ||    25
         Draw Stack        |       |       |       |     3 |     1 ||     4
         Deal Four         |       |       |       |     1 |     2 ||     3
         Stack Five        |       |       |       |     1 |       ||     1
  Evoke: Wand              |       |     1 |     2 |    12 |    10 ||    25
         Phial of floods   |       |       |       |     1 |     3 ||     4
    Use: Scroll            |       |     4 |    10 |     6 |    14 ||    34
         Potion            |       |     2 |       |       |       ||     2
   Stab: Sleeping          |       |       |     1 |       |       ||     1
 Armour: Robe              |     2 |    23 |    42 |       |       ||    67
         Steam dragon scal |       |       |    32 |   299 |   273 ||   604
  Dodge: Dodged            |     5 |    30 |    55 |   235 |   221 ||   546

Table legend: (Time is in decaauts)
 A = Elapsed time spent in this place.
 B = Non-inter-level travel time spent in this place.
 C = Inter-level travel time spent in this place.
 D = Time resting spent in this place.
 E = Time spent auto-exploring this place.
 F = Levels seen in this place.
 G = Mean time per level.
                   A        B        C        D        E       F      G
               +--------+--------+--------+--------+--------+-----+--------+
         Total |  30223 |  28640 |   1583 |   2102 |  21126 |  26 | 1162.4 |
       Dungeon |  18845 |  17564 |   1281 |    753 |  13983 |  15 | 1256.3 |
        Temple |      1 |      1 |      0 |      0 |      0 |   1 |    1.0 |
          Lair |   6176 |   5961 |    215 |    456 |   4148 |   5 | 1235.2 |
  Orcish Mines |   2006 |   1920 |     86 |     72 |   1290 |   2 | 1003.0 |
        Bailey |    624 |    624 |      0 |    120 |    356 |   1 |  624.0 |
      Ice Cave |   1659 |   1659 |      0 |    508 |    810 |   1 | 1659.0 |
      Gauntlet |    908 |    908 |      0 |    191 |    537 |   1 |  908.0 |
               +--------+--------+--------+--------+--------+-----+--------+

Top non-repeatable levels by time:
     D:7: 2309 daAuts
     D:9: 1928 daAuts
   IceCv: 1659 daAuts
     D:2: 1626 daAuts
     D:5: 1621 daAuts
  Lair:5: 1553 daAuts
     D:4: 1355 daAuts
   Orc:2: 1320 daAuts
     D:3: 1277 daAuts
    D:14: 1271 daAuts
  Lair:2: 1216 daAuts
  Lair:1: 1168 daAuts
  Lair:4: 1156 daAuts
     D:8: 1123 daAuts
    D:10: 1107 daAuts
